 Dungeon Crawl Stone Soup version 0.31-a0-216-g22e908daa7 (webtiles) character file.

Game seed: 10196003967919214776

448 qw the Chopper (level 7, -2/43 HPs)
             Began as a Gargoyle Fighter on July 2, 2023.
             Slain by an ogre
             ... wielding a +0 giant spiked club
              (17 damage)
             ... on level 5 of the Dungeon.
             The game lasted 00:01:39 (3035 turns).

qw the Chopper (Gargoyle Fighter)                   Turns: 3035, Time: 00:01:40

Health: -2/43      AC: 17    Str: 21    XL:     7   Next: 4%
Magic:  7/7        EV:  8    Int:  9    God:
Gold:   254        SH:  4    Dex:  9    Spells: 6/6 levels left

rFire   . . .        Y - +0 war axe
rCold   . . .        c - +0 buckler
rNeg    + . .        e - +0 chain mail
rPois   inf          l - +1 helmet
rElec   +            (no cloak)
rCorr   .            f - +0 pair of gloves
SInv    .            (no boots)
Will    .....        (no amulet) Stlth
                     (no ring)
HPRegen 0.27/turn    (no ring)
MPRegen 0.10/turn

%: no passive effects
@: no status effects
A: sickness immunity, AC +4, negative energy resistance 1, electricity
resistance, torment resistance 1, petrification resistance
a: no special abilities


You were on level 5 of the Dungeon.
You visited 1 branch of the dungeon, and saw 7 of its levels.

You collected 254 gold pieces.


Innate Abilities, Weirdness & Mutations

You are immune to sickness and miasma.
Your stone body is resilient. (AC +4)
You are immune to poison.
You resist negative energy. (rN+)
You are resistant to electric shocks. (rElec)
You are resistant to unholy torment.
You are immune to petrification.


   Skills:
 - Level 4.0 Fighting
 + Level 6.1 Axes
 - Level 3.2 Armour
 - Level 1.3 Dodging
 - Level 3.2 Shields


You had 6 spell levels left.
You didn't know any spells.
Your spell library was empty.

Inventory:

Hand Weapons
 b - a +0 flail
 Y - a +0 war axe (weapon)
Armour
 c - a +0 buckler (worn)
 e - a +0 chain mail (worn)
 f - a +0 pair of gloves (worn)
 l - a +1 helmet (worn)
Scrolls
 a - 3 scrolls of identify
Potions
 d - a potion of might
 g - a potion of cancellation
 j - a potion of curing

Dungeon Overview and Level Annotations

Branches:
Dungeon (7/15)
 Temple: D:4-7

Altars:
Vehumet

Annotations:
D:3 1 runed translucent door, Crazy Yiuf


Message History

You see here 3 stones.
You now have 254 gold pieces (gained 4).
A hound comes into view.
The hound barks!
You hear a shout!
You hear a bark!
An ogre comes into view. It is wielding a +0 giant spiked club.
A nearby fungus withers and dies.
You block the hound's attack.
You closely miss the hound. You block the hound's attack.
The hound bites you but does no damage.
You closely miss the hound. The hound bites you but does no damage.
You hit the hound.
The hound is lightly wounded.
The hound completely misses you. You block the hound's attack.
You closely miss the hound.
The hound is lightly wounded.
The hound bites you but does no damage. x2
You hit the hound.
The hound is moderately wounded.
You barely miss the ogre. You block the hound's attack.
The ogre closely misses you. The hound closely misses you.
You hit the hound.
The hound is heavily wounded.
You barely miss the ogre. The hound bites you but does no damage.
The ogre hits you with a +0 giant spiked club!
The hound bites you but does no damage.
You closely miss the hound.
The hound is heavily wounded.
You hit the ogre. The hound barely misses you.
The ogre hits you with a +0 giant spiked club!!
Ouch! That really hurt!
The hound bites you but does no damage.
You hit the hound.
The hound is severely wounded.
You hit the ogre. The hound barely misses you.
The hound bites you but does no damage.
The ogre hits you with a +0 giant spiked club!
You die...

........(..#
#.##.#.
...........#
#......
..7777777..#
....... 7..#
##.#.#. 7..#
#.#... 7..#
#.#.## 7..# #
7..# 7@.#
......hO.......
.........######
......####
##.### .. #


You could see an ogre and a hound.

Vanquished Creatures
  A sky beast (D:7)
  A scorpion (D:5)
  Terence (D:2)
  Ijyb (D:3)
  Natasha (twice) (D:2)
  2 orc wizards (D:4)
  Robin (D:2)
  3 gnolls (D:3)
  3 adders
  3 dart slugs
  2 orcs
  12 ball pythons
  3 bats
  5 endoplasms
  6 giant cockroaches
  11 goblins
  7 hobgoblins
  A jackal (D:4)
  4 quokkas
  2 frilled lizards (D:2)
  7 kobolds
  3 rats
81 creatures vanquished.

Notes
Turn   | Place    | Note
-------+----------+-------------------------------------------
     0 | D:1      | qw the Gargoyle Fighter began the quest for the Orb.
     0 | D:1      | Reached XP level 1. HP: 14/14 MP: 1/1
     0 | D:1      | 0 ||| qw: Version: 0.3-a-40-ge99b1a8
     0 | D:1      | 0 ||| qw: Game counter: 7927
     0 | D:1      | 0 ||| qw: Melee chars always use a shield: true
     0 | D:1      | 0 ||| qw: God list: Okawaru
     0 | D:1      | 0 ||| qw: Allow faded altars: false
     0 | D:1      | 0 ||| qw: Do Orc after clearing Dungeon:15 true
     0 | D:1      | 0 ||| qw: Do second Lair branch before Depths: true
     0 | D:1      | 0 ||| qw: Lair rune preference: random
     0 | D:1      | 0 ||| qw: Goals: Normal, Zot:1-4, Slime:5, God:TSO, Crypt,
                  | Tomb, Abyss, Pan, Hells, Win
     0 | D:1      | 0 ||| PLANNING D:1-11
    27 | D:1      | 27 ||| Stepping ~*~*~tactically~*~*~ (hiding).
    28 | D:1      | 28 ||| Stepping ~*~*~tactically~*~*~ (hiding).
    29 | D:1      | 29 ||| Stepping ~*~*~tactically~*~*~ (hiding).
    40 | D:1      | Reached skill level 2 in Axes
   112 | D:1      | Reached XP level 2. HP: 9/19 MP: 2/2
   125 | D:1      | 125 ||| Stepping ~*~*~tactically~*~*~ (stealth).
   368 | D:1      | Reached skill level 3 in Axes
   436 | D:1      | Reached XP level 3. HP: 23/23 MP: 3/3
   573 | D:1      | 573 ||| Stepping ~*~*~tactically~*~*~ (stealth).
   574 | D:1      | 574 ||| Stepping ~*~*~tactically~*~*~ (stealth).
   723 | D:1      | 723 ||| DRINKING 2 dark potions.
   758 | D:2      | 758 ||| STAIRDANCE
   804 | D:2      | Noticed Terence
   813 | D:2      | HP: 5/23 [Terence/+1 falchion of holy wrath (7)]
   814 | D:2      | 814 ||| DRINKING potion of heal wounds.
   825 | D:2      | Killed Terence
   826 | D:2      | Reached XP level 4. HP: 17/28 MP: 4/4
   875 | D:2      | Found a radiant altar of Vehumet.
   961 | D:2      | 961 ||| Stepping ~*~*~tactically~*~*~ (hiding).
  1023 | D:2      | 1023 ||| Stepping ~*~*~tactically~*~*~ (stealth).
  1024 | D:2      | 1024 ||| Stepping ~*~*~tactically~*~*~ (stealth).
  1092 | D:2      | Reached skill level 4 in Axes
  1163 | D:2      | 1163 ||| FLEEEEING.
  1164 | D:2      | 1164 ||| FLEEEEING.
  1248 | D:2      | Noticed Robin
  1249 | D:2      | 1249 ||| Stepping ~*~*~tactically~*~*~ (hiding).
  1260 | D:2      | Killed Robin
  1286 | D:2      | 1286 ||| DROPPING +0 whip.
  1399 | D:2      | Noticed Natasha
  1400 | D:2      | 1400 ||| Stepping ~*~*~tactically~*~*~ (hiding).
  1401 | D:2      | 1401 ||| Stepping ~*~*~tactically~*~*~ (hiding).
  1411 | D:2      | Killed Natasha
  1412 | D:2      | Reached XP level 5. HP: 12/32 MP: 5/5
  1555 | D:2      | Found a faded altar of an unknown god.
  1580 | D:2      | Noticed Natasha
  1581 | D:2      | 1581 ||| Stepping ~*~*~tactically~*~*~ (stealth).
  1582 | D:2      | 1582 ||| Stepping ~*~*~tactically~*~*~ (stealth).
  1584 | D:2      | Killed Natasha
  1719 | D:2      | Reached skill level 5 in Axes
  1740 | D:2      | 1740 ||| UPGRADING to +0 chain mail.
  1750 | D:2      | 1750 ||| DROPPING +0 scale mail.
  1751 | D:2      | 1751 ||| UPGRADING to +1 helmet.
  1756 | D:2      | 1756 ||| READING scroll labelled JIVYIN KILYE.
  1757 | D:2      | 1757 ||| READING scroll labelled GONTEMU WICUAD.
  1869 | D:3      | Found a runed translucent door.
  1870 | D:3      | Noticed Crazy Yiuf
  1902 | D:3      | 1902 ||| Stepping ~*~*~tactically~*~*~ (stealth).
  1903 | D:3      | 1903 ||| Stepping ~*~*~tactically~*~*~ (stealth).
  1904 | D:3      | 1904 ||| Stepping ~*~*~tactically~*~*~ (stealth).
  1913 | D:3      | 1913 ||| Stepping ~*~*~tactically~*~*~ (stealth).
  1945 | D:3      | 1945 ||| Stepping ~*~*~tactically~*~*~ (hiding).
  1946 | D:3      | 1946 ||| Stepping ~*~*~tactically~*~*~ (hiding).
  2048 | D:3      | 2048 ||| DROPPING +0 mace.
  2054 | D:3      | Noticed Ijyb
  2071 | D:3      | Killed Ijyb
  2072 | D:3      | Reached XP level 6. HP: 38/38 MP: 6/6
  2531 | D:3      | 2531 ||| UPGRADING to +0 pair of gloves.
  2536 | D:3      | 2536 ||| READING scroll labelled PECE OCWOPOEGU.
  2707 | D:4      | 2707 ||| Stepping ~*~*~tactically~*~*~ (hiding).
  2803 | D:4      | 2803 ||| Stepping ~*~*~tactically~*~*~ (stealth).
  2803 | D:4      | You fall into a shaft and drop 3 floors!
  2816 | D:7      | Noticed a sky beast
  2843 | D:7      | Killed a sky beast
  2844 | D:7      | Reached skill level 6 in Axes
  2879 | D:7      | 2879 ||| READING scroll labelled NURAIT ZOASA.
  2883 | D:7      | 2883 ||| DRINKING 2 inky potions.
  2884 | D:7      | 2884 ||| READING 4 scrolls of identify.
  2884 | D:7      | 2884 ||| IDENTIFYING lumpy sapphire potion
  2885 | D:7      | 2885 ||| READING 3 scrolls of identify.
  2885 | D:7      | 2885 ||| IDENTIFYING smoky clear potion
  2886 | D:7      | 2886 ||| DROPPING potion of degeneration.
  2887 | D:7      | 2887 ||| Stepping randomly (stuck).
  2888 | D:7      | 2888 ||| Stepping randomly (stuck).
  2889 | D:7      | 2889 ||| Stepping randomly (stuck).
  2935 | D:6      | 2935 ||| READING scroll labelled XAMPINODOWN.
  2944 | D:5      | Entered Level 5 of the Dungeon
  2952 | D:5      | Reached skill level 1 in Dodging
  2952 | D:5      | Reached XP level 7. HP: 33/43 MP: 7/7
  3035 | D:5      | Slain by an ogre

Levels and vault maps discovered:
D:1:      amcnicky_arrival_flooded_fountain, layout_basic, chequers_big_river
D:2:      layout_basic, ebering_ecumenical_altar_abandoned, basic_altar,
          uniq_natasha, uniq_robin, uniq_terence
D:3:      layout_rooms, uniq_ijyb, uniq_crazy_yiuf_cottage
D:4:      layout_basic, worldfamousw_hep_ancestral_shrine, fedhas_altar_1,
          minmay_temple_entry_fiery
D:5:      layout_loops_ring, tso_metal_star, mainiacjoe_overflow_chevrons
D:6:      layout_layer_cave, yredelemnul_altar_generic,
          nicolae_dithmenos_shadow_blocks, minmay_misc_feat_five, uniq_duvessa
D:7:      layout_basic, mainiacjoe_overflow_cross_hatched,
          jmf_multi_god_temple2, uniq_menkaure

Skill      XL: |  1  2  3  4  5  6 |
---------------+-------------------+-----
Axes           | 2 3 4 5 6 |  6.1
Fighting       | 4 |  4.0
Dodging        | 1 |  1.3
Armour         | |  3.2
Shields        | |  3.2

Action                     |  1- 3 |  4- 6 |  7- 9 || total
---------------------------+-------+-------+-------++-------
  Melee: War axe           |   107 |   155 |     8 ||   270
         Unarmed           |       |     7 |       ||     7
    Use: Potion            |     2 |     1 |       ||     3
         Scroll            |       |     7 |       ||     7
   Stab: Confused          |       |     2 |       ||     2
 Armour: Scale mail        |    46 |    28 |       ||    74
         Chain mail        |       |    53 |     8 ||    61
  Dodge: Dodged            |    66 |    56 |     5 ||   127
  Block: Buckler           |    22 |    26 |     4 ||    52

Table legend:
 A = Non-vault XP
 B = Vault XP
 C = Vault XP percentage of total XP
 D = Non-vault monster count
 E = Vault monster count
 F = Vault count percentage of total count
                 A         B        C        D         E       F
            +---------+---------+-------+---------+---------+-------
      Total |     505 |     136 |  21.2 |      71 |      10 |  12.3
            +---------+---------+-------+---------+---------+-------
        D:1 |      50 |       0 |   0.0 |      30 |       0 |   0.0
        D:2 |      86 |     100 |  53.8 |      17 |       9 |  34.6
        D:3 |      62 |      36 |  36.7 |      14 |       1 |   6.7
        D:4 |      90 |       0 |   0.0 |       8 |       0 |   0.0
        D:5 |      88 |       0 |   0.0 |       1 |       0 |   0.0
        D:7 |     129 |       0 |   0.0 |       1 |       0 |   0.0
            +---------+---------+-------+---------+---------+-------
